Workbook
Name Print_Area_0: 'MEDIÇÃO 14'!$A$1:$Q$269

Sheet MEDIÇÃO 14
A1: PREFEITURA MUNICIPAL DE SO ROQUE DO CANA Estado do Esprito Santo SECRETARIA MUNICIPAL DE OBRAS E SERVIÇOS URBANOS – SETOR DE ENGENHARIA
A13: BOLETIM DE | H13: =L18 -> MEDIÇÃO 14 | N13: DATA: 30/03/2026
A14: Obra: REFORMA DE QUATRO QUADRAS POLIESPORTIVAS LOCALIZADAS EM SÃO JACINTO, VILA VERDE, SÃO BENTO E CÓRREGO SAÚDE, REFORMA E AMPLIAÇÃO DE UMA QUADRA POLIESPORTIVA, LOCALIZADA NA COMUNIDADE DE ALTO SANTA LUZIA, DISTRITO DE SANTA JÚLIA, NESTE MUNICÍPIO. | D14: CONTRATO Nº: | I14: 128/2024 | K14: Assinatura: 18/10/2024 | N14: INÍCIO: | P14: 45654
N15: TÉRMINO: | P15: 46168
A16: LOCAL: AVENIDA SEVERINO SIMONASSI, DISTRITO DE SÃO JACINTO; RUA JOSÉ CARLOS VOLPI, VILA VERDE; AVENIDA CATARINA GUIDONI VOLPI, SÃO BENTO; RODOVIA ES-080, COMUNIDADE DE NOSSA SENHORA DA SAÚDE, DISTRITO DE SÃO JACINTO; COMUNIDADE DE SANTA LUZIA, ZONA RURAL, DISTRITO DE SANTA JÚLIA. SÃO ROQUE DO CANAÃ | D16: PERÍODO: | I16: 46064 | K16: a | L16: 46093 | N16: PRAZO: | P16: 360 DIAS + 90 DIAS + 90 DIAS
A17: EMPREITEIRA: CONSÓRCIO CINCO QUADRAS | I17: =L18 -> MEDIÇÃO 14 | L17: =O266 -> 51510.245 | N17: % MÊS: | O17: =K266 -> 0.0275078 | P17: % ACUM: | Q17: =K267 -> 0.63449456
A18: ITEM | B18: ESPECIFICAÇÃO | C18: UNID. | D18: QUANT. | E18: 1º REPLANILHAMENTO | H18: PREÇO UNIT R$ | I18: ACUMULADO ANTERIOR | L18: MEDIÇÃO 14 | O18: TOTAL MEDIDO
E19: ACRÉSCIMO | F19: DECRÉSCIMO | G19: QUANT. ATUALIZADA | I19: QUANT. | J19: TOTAL | K19: % | L19: QUANT. | M19: TOTAL | N19: % | O19: QUANT. | P19: TOTAL | Q19: %
A20: 1 | B20: INSTALAÇÃO DO CANTEIRO DE OBRAS | M20: =SUM(M21:M23) -> 2930.2483 | P20: =SUM(P21:P23) -> 30939.409
A21: 1.1 | B21: Placa de obra nas dimensões de 2.0 x 4.0 m, padrão DER | C21: m2 | D21: 40 | E21: 0 | G21: =D21+E21-F21 -> 40 | H21: 366.28103 | I21: 32 | J21: =I21*H21 -> 11720.993 | K21: =I21/G21 -> 0.8 | L21: =IFERROR(VLOOKUP(A21,'MEMO CALCULO 14'!$B$12:$E$343,4,0),0) -> 8 | M21: =L21*H21 -> 2930.2483 | N21: =L21/G21 -> 0.2 | O21: =I21+L21 -> 40 | P21: =J21+M21 -> 14651.241 | Q21: =K21+N21 -> 1
A22: 1.2 | B22: Mobilização e desmobilização de conteiner locado para barracão de obra | C22: und | D22: 5 | E22: 0 | G22: =D22+E22-F22 -> 5 | H22: 1923.599 | I22: 3.5 | J22: =I22*H22 -> 6732.5965 | K22: =I22/G22 -> 0.7 | L22: =IFERROR(VLOOKUP(A22,'MEMO CALCULO 14'!$B$12:$E$343,4,0),0) -> 0 | M22: =L22*H22 -> 0 | N22: =L22/G22 -> 0 | O22: =I22+L22 -> 3.5 | P22: =J22+M22 -> 6732.5965 | Q22: =K22+N22 -> 0.7
A23: 1.3 | B23: Aluguel mensal container para almoxarifado, incl. porta, 2 janelas, 1 pt iluminação, Isolamento térmico (teto), piso em comp. Naval pintado, cert. NR18, incl. laudo descontaminação. | C23: ms | D23: 12 | E23: 0 | G23: =D23+E23-F23 -> 12 | H23: 796.29759 | I23: 12 | J23: =I23*H23 -> 9555.5711 | K23: =I23/G23 -> 1 | L23: =IFERROR(VLOOKUP(A23,'MEMO CALCULO 14'!$B$12:$E$343,4,0),0) -> 0 | M23: =L23*H23 -> 0 | N23: =L23/G23 -> 0 | O23: =I23+L23 -> 12 | P23: =J23+M23 -> 9555.5711 | Q23: =K23+N23 -> 1
A24: 2 | B24: SERVIÇOS PRELIMINARES | M24: =SUM(M25:M51) -> 0 | P24: =SUM(P25:P51) -> 79297.492
A25: 2.1 | B25: Remoção de pintura antiga a óleo ou esmalte | C25: m2 | D25: 58.95 | E25: 0 | G25: =D25+E25-F25 -> 58.95 | H25: 14.431877 | I25: 44.15 | J25: =I25*H25 -> 637.16736 | K25: =I25/G25 -> 0.74893978 | L25: =IFERROR(VLOOKUP(A25,'MEMO CALCULO 14'!$B$12:$E$343,4,0),0) -> 0 | M25: =L25*H25 -> 0 | N25: =L25/G25 -> 0 | O25: =I25+L25 -> 44.15 | P25: =J25+M25 -> 637.16736 | Q25: =K25+N25 -> 0.74893978
A26: 2.2 | B26: Retirada de pontos elétricos (luminárias, interruptores e tomadas) | C26: und | D26: 67 | E26: 0 | G26: =D26+E26-F26 -> 67 | H26: 11.634313 | I26: 67 | J26: =I26*H26 -> 779.49897 | K26: =I26/G26 -> 1 | L26: =IFERROR(VLOOKUP(A26,'MEMO CALCULO 14'!$B$12:$E$343,4,0),0) -> 0 | M26: =L26*H26 -> 0 | N26: =L26/G26 -> 0 | O26: =I26+L26 -> 67 | P26: =J26+M26 -> 779.49897 | Q26: =K26+N26 -> 1
A27: 2.3 | B27: Retirada de caixas/quadros elétricos | C27: und | D27: 4 | E27: 0 | G27: =D27+E27-F27 -> 4 | H27: 15.797354 | I27: 4 | J27: =I27*H27 -> 63.189417 | K27: =I27/G27 -> 1 | L27: =IFERROR(VLOOKUP(A27,'MEMO CALCULO 14'!$B$12:$E$343,4,0),0) -> 0 | M27: =L27*H27 -> 0 | N27: =L27/G27 -> 0 | O27: =I27+L27 -> 4 | P27: =J27+M27 -> 63.189417 | Q27: =K27+N27 -> 1
A28: 2.4 | B28: Retirada de disjuntor | C28: und | D28: 19 | E28: 0 | G28: =D28+E28-F28 -> 19 | H28: 21.725525 | I28: 19 | J28: =I28*H28 -> 412.78498 | K28: =I28/G28 -> 1 | L28: =IFERROR(VLOOKUP(A28,'MEMO CALCULO 14'!$B$12:$E$343,4,0),0) -> 0 | M28: =L28*H28 -> 0 | N28: =L28/G28 -> 0 | O28: =I28+L28 -> 19 | P28: =J28+M28 -> 412.78498 | Q28: =K28+N28 -> 1
A29: 2.5 | B29: Retirada de vidros quebrados | C29: m2 | D29: 2.94 | E29: 0 | G29: =D29+E29-F29 -> 2.94 | H29: 3.752288 | I29: 2.94 | J29: =I29*H29 -> 11.031727 | K29: =I29/G29 -> 1 | L29: =IFERROR(VLOOKUP(A29,'MEMO CALCULO 14'!$B$12:$E$343,4,0),0) -> 0 | M29: =L29*H29 -> 0 | N29: =L29/G29 -> 0 | O29: =I29+L29 -> 2.94 | P29: =J29+M29 -> 11.031727 | Q29: =K29+N29 -> 1
A30: 2.6 | B30: Demolição de revestimento com azulejos | C30: m2 | D30: 127.76 | E30: 0 | G30: =D30+E30-F30 -> 127.76 | H30: 53.164814 | I30: 127.76 | J30: =I30*H30 -> 6792.3366 | K30: =I30/G30 -> 1 | L30: =IFERROR(VLOOKUP(A30,'MEMO CALCULO 14'!$B$12:$E$343,4,0),0) -> 0 | M30: =L30*H30 -> 0 | N30: =L30/G30 -> 0 | O30: =I30+L30 -> 127.76 | P30: =J30+M30 -> 6792.3366 | Q30: =K30+N30 -> 1
A31: 2.7 | B31: Retirada de portas e janelas de madeira, inclusive batentes | C31: m2 | D31: 13.02 | E31: 0 | G31: =D31+E31-F31 -> 13.02 | H31: 17.007412 | I31: 13.02 | J31: =I31*H31 -> 221.4365 | K31: =I31/G31 -> 1 | L31: =IFERROR(VLOOKUP(A31,'MEMO CALCULO 14'!$B$12:$E$343,4,0),0) -> 0 | M31: =L31*H31 -> 0 | N31: =L31/G31 -> 0 | O31: =I31+L31 -> 13.02 | P31: =J31+M31 -> 221.4365 | Q31: =K31+N31 -> 1
A32: 2.8 | B32: Retirada de bandeira de porta | C32: und | D32: 2 | E32: 0 | G32: =D32+E32-F32 -> 2 | H32: 32.327404 | I32: 2 | J32: =I32*H32 -> 64.654808 | K32: =I32/G32 -> 1 | L32: =IFERROR(VLOOKUP(A32,'MEMO CALCULO 14'!$B$12:$E$343,4,0),0) -> 0 | M32: =L32*H32 -> 0 | N32: =L32/G32 -> 0 | O32: =I32+L32 -> 2 | P32: =J32+M32 -> 64.654808 | Q32: =K32+N32 -> 1
A33: 2.9 | B33: Lixamento de parede com pintura antiga PVA para recebimento de nova camada de tinta | C33: m2 | D33: 946.29 | E33: 0 | G33: =D33+E33-F33 -> 946.29 | H33: 4.0076212 | I33: 946.29 | J33: =I33*H33 -> 3792.3718 | K33: =I33/G33 -> 1 | L33: =IFERROR(VLOOKUP(A33,'MEMO CALCULO 14'!$B$12:$E$343,4,0),0) -> 0 | M33: =L33*H33 -> 0 | N33: =L33/G33 -> 0 | O33: =I33+L33 -> 946.29 | P33: =J33+M33 -> 3792.3718 | Q33: =K33+N33 -> 1
A34: 2.10 | B34: Retirada de revestimento antigo em reboco | C34: m2 | D34: 550.74 | E34: 0 | G34: =D34+E34-F34 -> 550.74 | H34: 10.635183 | I34: 550.74 | J34: =I34*H34 -> 5857.2207 | K34: =I34/G34 -> 1 | L34: =IFERROR(VLOOKUP(A34,'MEMO CALCULO 14'!$B$12:$E$343,4,0),0) -> 0 | M34: =L34*H34 -> 0 | N34: =L34/G34 -> 0 | O34: =I34+L34 -> 550.74 | P34: =J34+M34 -> 5857.2207 | Q34: =K34+N34 -> 1
A35: 2.11 | B35: Retirada de aparelhos sanitários | C35: und | D35: 13 | E35: 0 | G35: =D35+E35-F35 -> 13 | H35: 21.99196 | I35: 13 | J35: =I35*H35 -> 285.89548 | K35: =I35/G35 -> 1 | L35: =IFERROR(VLOOKUP(A35,'MEMO CALCULO 14'!$B$12:$E$343,4,0),0) -> 0 | M35: =L35*H35 -> 0 | N35: =L35/G35 -> 0 | O35: =I35+L35 -> 13 | P35: =J35+M35 -> 285.89548 | Q35: =K35+N35 -> 1
A36: 2.12 | B36: Demolição de alvenaria | C36: m3 | D36: 4.281 | E36: 0 | G36: =D36+E36-F36 -> 4.281 | H36: 63.788895 | I36: 4.28 | J36: =I36*H36 -> 273.01647 | K36: =I36/G36 -> 0.99976641 | L36: =IFERROR(VLOOKUP(A36,'MEMO CALCULO 14'!$B$12:$E$343,4,0),0) -> 0 | M36: =L36*H36 -> 0 | N36: =L36/G36 -> 0 | O36: =I36+L36 -> 4.28 | P36: =J36+M36 -> 273.01647 | Q36: =K36+N36 -> 0.99976641
... A51: 2.27 | B51: Limpeza de superfície com jato de alta pressão. | C51: m2 | D51: 75.8 | E51: 3075.01 | G51: =D51+E51-F51 -> 3150.81 | H51: 1.6995755 | I51: 3150.81 | J51: =I51*H51 -> 5355.0395 | K51: =I51/G51 -> 1 | L51: =IFERROR(VLOOKUP(A51,'MEMO CALCULO 14'!$B$12:$E$343,4,0),0) -> 0 | M51: =L51*H51 -> 0 | N51: =L51/G51 -> 0 | O51: =I51+L51 -> 3150.81 | P51: =J51+M51 -> 5355.0395 | Q51: =K51+N51 -> 1
A52: 3 | B52: MOVIMENTAÇÃO DE TERRA | M52: =SUM(M53:M55) -> 0 | P52: =SUM(P53:P55) -> 6910.4963
A53: 3.1.1 | B53: Escavação manual em material de 1a. categoria, até 1.50 m de profundidade | C53: m3 | D53: 57.839 | E53: 9.36 | G53: =D53+E53-F53 -> 67.199 | H53: 60.90252 | I53: 67.198 | J53: =I53*H53 -> 4092.5275 | K53: =I53/G53 -> 0.99998512 | L53: =IFERROR(VLOOKUP(A53,'MEMO CALCULO 14'!$B$12:$E$343,4,0),0) -> 0 | M53: =L53*H53 -> 0 | N53: =L53/G53 -> 0 | O53: =I53+L53 -> 67.198 | P53: =J53+M53 -> 4092.5275 | Q53: =K53+N53 -> 0.99998512
A54: 3.1.2 | B54: Reaterro apiloado de cavas de fundação, em camadas de 20 cm | C54: m3 | D54: 7.59 | E54: 6.65 | G54: =D54+E54-F54 -> 14.24 | H54: 65.587329 | I54: 14.24 | J54: =I54*H54 -> 933.96357 | K54: =I54/G54 -> 1 | L54: =IFERROR(VLOOKUP(A54,'MEMO CALCULO 14'!$B$12:$E$343,4,0),0) -> 0 | M54: =L54*H54 -> 0 | N54: =L54/G54 -> 0 | O54: =I54+L54 -> 14.24 | P54: =J54+M54 -> 933.96357 | Q54: =K54+N54 -> 1
A55: 3.1.3 | B55: Aterro manual de valas com solo argilo-arenoso e compactação mecanizada | C55: m3 | D55: 35.56 | E55: 0 | G55: =D55+E55-F55 -> 35.56 | H55: 81.984562 | I55: 22.98 | J55: =I55*H55 -> 1884.0052 | K55: =I55/G55 -> 0.64623172 | L55: =IFERROR(VLOOKUP(A55,'MEMO CALCULO 14'!$B$12:$E$343,4,0),0) -> 0 | M55: =L55*H55 -> 0 | N55: =L55/G55 -> 0 | O55: =I55+L55 -> 22.98 | P55: =J55+M55 -> 1884.0052 | Q55: =K55+N55 -> 0.64623172
A56: 4 | B56: INFRAESTRUTURA E SUPERESTRUTURA | M56: =SUM(M58:M70) -> 41451.74 | P56: =SUM(P58:P70) -> 94644.372
A57: 4.1 | B57: INFRAESTRUTURA
A58: 4.1.1 | B58: Fornecimento, preparo e aplicação de concreto magro com consumo mínimo de cimento de 250 kg/m3 (brita 1 e 2) - (5% de perdas já incluído no custo) | C58: m3 | D58: 1.118925 | E58: 1.62 | G58: =D58+E58-F58 -> 2.738925 | H58: 732.25122 | I58: 2.738925 | J58: =I58*H58 -> 2005.5812 | K58: =I58/G58 -> 1 | L58: =IFERROR(VLOOKUP(A58,'MEMO CALCULO 14'!$B$12:$E$343,4,0),0) -> 0 | M58: =L58*H58 -> 0 | N58: =L58/G58 -> 0 | O58: =I58+L58 -> 2.738925 | P58: =J58+M58 -> 2005.5812 | Q58: =K58+N58 -> 1
A59: 4.1.2 | B59: Fôrma de chapa compensada resinada 12mm, levando-se em conta a utilização 3 vezes (incluido o material, corte, montagem, escoramento e desfôrma) | C59: m2 | D59: 102.98 | E59: 32.34 | G59: =D59+E59-F59 -> 135.32 | H59: 92.164185 | I59: 133.09 | J59: =I59*H59 -> 12266.131 | K59: =I59/G59 -> 0.98352054 | L59: =IFERROR(VLOOKUP(A59,'MEMO CALCULO 14'!$B$12:$E$343,4,0),0) -> 2.23 | M59: =L59*H59 -> 205.52613 | N59: =L59/G59 -> 0.016479456 | O59: =I59+L59 -> 135.32 | P59: =J59+M59 -> 12471.658 | Q59: =K59+N59 -> 1
A60: 4.1.3 | B60: Fornecimento, dobragem e colocação em fôrma, de armadura CA-60 B fina, diâmetro de 4.0 a 7.0mm | C60: kg | D60: 271.12 | E60: 72.02 | G60: =D60+E60-F60 -> 343.14 | H60: 12.333704 | I60: 343.14 | J60: =I60*H60 -> 4232.1872 | K60: =I60/G60 -> 1 | L60: =IFERROR(VLOOKUP(A60,'MEMO CALCULO 14'!$B$12:$E$343,4,0),0) -> 0 | M60: =L60*H60 -> 0 | N60: =L60/G60 -> 0 | O60: =I60+L60 -> 343.14 | P60: =J60+M60 -> 4232.1872 | Q60: =K60+N60 -> 1
A61: 4.1.4 | B61: Fornecimento, dobragem e colocação em fôrma, de armadura CA-50 A média, diâmetro de 6.3 a 10.0 mm | C61: kg | D61: 487.91 | E61: 223.01 | G61: =D61+E61-F61 -> 710.92 | H61: 11.856342 | I61: 710.92 | J61: =I61*H61 -> 8428.9105 | K61: =I61/G61 -> 1 | L61: =IFERROR(VLOOKUP(A61,'MEMO CALCULO 14'!$B$12:$E$343,4,0),0) -> 0 | M61: =L61*H61 -> 0 | N61: =L61/G61 -> 0 | O61: =I61+L61 -> 710.92 | P61: =J61+M61 -> 8428.9105 | Q61: =K61+N61 -> 1
A62: 4.1.5 | B62: Fornecimento, dobragem e colocação em fôrma, de armadura CA-50 A grossa diâmetro de 12.5 a 25.0 mm (1/2 a 1") | C62: kg | D62: 222.05 | E62: 0 | G62: =D62+E62-F62 -> 222.05 | H62: 12.511327 | I62: 142.27 | J62: =I62*H62 -> 1779.9865 | K62: =I62/G62 -> 0.64071155 | L62: =IFERROR(VLOOKUP(A62,'MEMO CALCULO 14'!$B$12:$E$343,4,0),0) -> 0 | M62: =L62*H62 -> 0 | N62: =L62/G62 -> 0 | O62: =I62+L62 -> 142.27 | P62: =J62+M62 -> 1779.9865 | Q62: =K62+N62 -> 0.64071155
A63: 4.1.6 | B63: Fornecimento, preparo e aplicação de concreto Fck=25 MPa (brita 1 e 2) - (5% de perdas já incluído no custo) | C63: m3 | D63: 14.67 | E63: 5.13 | G63: =D63+E63-F63 -> 19.8 | H63: 807.55232 | I63: 19.8 | J63: =I63*H63 -> 15989.536 | K63: =I63/G63 -> 1 | L63: =IFERROR(VLOOKUP(A63,'MEMO CALCULO 14'!$B$12:$E$343,4,0),0) -> 0 | M63: =L63*H63 -> 0 | N63: =L63/G63 -> 0 | O63: =I63+L63 -> 19.8 | P63: =J63+M63 -> 15989.536 | Q63: =K63+N63 -> 1
A64: 4.1.7 | B64: Aplicação de lona plástica para execução de pavimentos de concreto | C64: m² | D64: 69.32 | E64: 0 | G64: =D64+E64-F64 -> 69.32 | H64: 1.6606872 | I64: 69.32 | J64: =I64*H64 -> 115.11883 | K64: =I64/G64 -> 1 | L64: =IFERROR(VLOOKUP(A64,'MEMO CALCULO 14'!$B$12:$E$343,4,0),0) -> 0 | M64: =L64*H64 -> 0 | N64: =L64/G64 -> 0 | O64: =I64+L64 -> 69.32 | P64: =J64+M64 -> 115.11883 | Q64: =K64+N64 -> 1
A65: 4.2 | B65: SUPERESTRUTURA
A66: 4.2.1 | B66: Fornecimento, dobragem e colocação em fôrma, de armadura CA-50 A média, diâmetro de 6.3 a 10.0 mm | C66: kg | D66: 827.62 | E66: 115.32 | G66: =D66+E66-F66 -> 942.94 | H66: 11.856342 | I66: 115.32 | J66: =I66*H66 -> 1367.2733 | K66: =I66/G66 -> 0.12229834 | L66: =IFERROR(VLOOKUP(A66,'MEMO CALCULO 14'!$B$12:$E$343,4,0),0) -> 560.26 | M66: =L66*H66 -> 6642.6341 | N66: =L66/G66 -> 0.59416294 | O66: =I66+L66 -> 675.58 | P66: =J66+M66 -> 8009.9074 | Q66: =K66+N66 -> 0.71646128
A67: 4.2.2 | B67: Fornecimento, dobragem e colocação em fôrma, de armadura CA-50 A grossa, diâmetro de 12.5 a 25.0mm | C67: kg | D67: 824.15 | E67: 72.11 | G67: =D67+E67-F67 -> 896.26 | H67: 12.511327 | I67: 72.11 | J67: =I67*H67 -> 902.19179 | K67: =I67/G67 -> 0.080456564 | L67: =IFERROR(VLOOKUP(A67,'MEMO CALCULO 14'!$B$12:$E$343,4,0),0) -> 311.24 | M67: =L67*H67 -> 3894.0254 | N67: =L67/G67 -> 0.3472653 | O67: =I67+L67 -> 383.35 | P67: =J67+M67 -> 4796.2172 | Q67: =K67+N67 -> 0.42772187
A68: 4.2.3 | B68: Fôrma em chapa de madeira compensada plastificada 12mm para estrutura em geral, 5 reaproveitamentos, reforçada com sarrafos de madeira 2.5x10cm (incl material, corte, montagem, escoras em eucalipto e desforma) | C68: m2 | D68: 194.86 | E68: 37.37 | G68: =D68+E68-F68 -> 232.23 | H68: 109.83768 | I68: 37.37 | J68: =I68*H68 -> 4104.6342 | K68: =I68/G68 -> 0.16091806 | L68: =IFERROR(VLOOKUP(A68,'MEMO CALCULO 14'!$B$12:$E$343,4,0),0) -> 120.37 | M68: =L68*H68 -> 13221.162 | N68: =L68/G68 -> 0.51832235 | O68: =I68+L68 -> 157.74 | P68: =J68+M68 -> 17325.796 | Q68: =K68+N68 -> 0.67924041
A69: 4.2.4 | B69: Fornecimento, preparo e aplicação de concreto Fck=25 MPa (brita 1 e 2) - (5% de perdas já incluído no custo) | C69: m3 | D69: 12.534 | E69: 2.25375 | G69: =D69+E69-F69 -> 14.78775 | H69: 926.42658 | I69: 2.16 | J69: =I69*H69 -> 2001.0814 | K69: =I69/G69 -> 0.14606685 | L69: =IFERROR(VLOOKUP(A69,'MEMO CALCULO 14'!$B$12:$E$343,4,0),0) -> 4.31 | M69: =L69*H69 -> 3992.8985 | N69: =L69/G69 -> 0.29145746 | O69: =I69+L69 -> 6.47 | P69: =J69+M69 -> 5993.9799 | Q69: =K69+N69 -> 0.4375243
A70: 4.2.5 | B70: Laje pré-fabricada treliçada para forro simples revestido, vão até 3.5m, capeamento 2cm, esp. 10cm, Fck = 150Kg/cm2 | C70: m2 | D70: 228.54 | E70: 0 | G70: =D70+E70-F70 -> 228.54 | H70: 130.06451 | I70: 0 | J70: =I70*H70 -> 0 | K70: =I70/G70 -> 0 | L70: =IFERROR(VLOOKUP(A70,'MEMO CALCULO 14'!$B$12:$E$343,4,0),0) -> 103.76 | M70: =L70*H70 -> 13495.494 | N70: =L70/G70 -> 0.45401243 | O70: =I70+L70 -> 103.76 | P70: =J70+M70 -> 13495.494 | Q70: =K70+N70 -> 0.45401243
A71: 5 | B71: PAREDES E PAINÉIS | M71: =SUM(M72:M83) -> 0 | P71: =SUM(P72:P83) -> 91963.208
A72: 5.1 | B72: Alvenaria de blocos cerâmicos 10 furos 10x20x20cm, assentados c/argamassa de cimento, cal hidratada CH1 e areia traço 1:0,5:8, esp. das juntas 12mm e esp. das paredes s/revestimento, 10cm (bloco comprado na fábrica, posto obra) | C72: m2 | D72: 276.34 | E72: 55.3 | G72: =D72+E72-F72 -> 331.64 | H72: 71.382283 | I72: 55.3 | J72: =I72*H72 -> 3947.4402 | K72: =I72/G72 -> 0.16674708 | L72: =IFERROR(VLOOKUP(A72,'MEMO CALCULO 14'!$B$12:$E$343,4,0),0) -> 0 | M72: =L72*H72 -> 0 | N72: =L72/G72 -> 0 | O72: =I72+L72 -> 55.3 | P72: =J72+M72 -> 3947.4402 | Q72: =K72+N72 -> 0.16674708
A73: 5.2 | B73: Alvenaria de blocos de concreto 14x19x39cm, c/ resist. mínimo a compres. 2.5 MPa, assent. c/ arg. de cimento, cal hidratada CH1 e areia no traço 1:0.5:8 esp. das juntas 10mm e esp. das paredes, s/ rev. 14cm | C73: m2 | D73: 0.16 | E73: 0 | G73: =D73+E73-F73 -> 0.16 | H73: 96.615864 | I73: 0.16 | J73: =I73*H73 -> 15.458538 | K73: =I73/G73 -> 1 | L73: =IFERROR(VLOOKUP(A73,'MEMO CALCULO 14'!$B$12:$E$343,4,0),0) -> 0 | M73: =L73*H73 -> 0 | N73: =L73/G73 -> 0 | O73: =I73+L73 -> 0.16 | P73: =J73+M73 -> 15.458538 | Q73: =K73+N73 -> 1
A74: 5.3 | B74: Alvenaria de blocos de concreto estrut. (14x19x39cm) cheios, c/ resist. mín. compr. 15MPa, assentados c/ arg. de cimento e areia no traço 1:4, esp. juntas 10mm e esp. da parede s/ revest. 14cm | C74: m2 | D74: 71.05 | E74: 1.03 | G74: =D74+E74-F74 -> 72.08 | H74: 149.36992 | I74: 71.05 | J74: =I74*H74 -> 10612.733 | K74: =I74/G74 -> 0.98571032 | L74: =IFERROR(VLOOKUP(A74,'MEMO CALCULO 14'!$B$12:$E$343,4,0),0) -> 0 | M74: =L74*H74 -> 0 | N74: =L74/G74 -> 0 | O74: =I74+L74 -> 71.05 | P74: =J74+M74 -> 10612.733 | Q74: =K74+N74 -> 0.98571032
A75: 5.4 | B75: Alvenaria de blocos de concreto estrut. (19x19x39cm) cheios, c/ resist. mín. compr. 15MPa, assentados c/ arg. cimento e areia no traço 1:4, esp. juntas de 10mm e esp. da parede s/ revest. 19cm | C75: m2 | D75: 18.59 | E75: 0 | G75: =D75+E75-F75 -> 18.59 | H75: 282.25421 | I75: 18.59 | J75: =I75*H75 -> 5247.1057 | K75: =I75/G75 -> 1 | L75: =IFERROR(VLOOKUP(A75,'MEMO CALCULO 14'!$B$12:$E$343,4,0),0) -> 0 | M75: =L75*H75 -> 0 | N75: =L75/G75 -> 0 | O75: =I75+L75 -> 18.59 | P75: =J75+M75 -> 5247.1057 | Q75: =K75+N75 -> 1
A76: 5.5 | B76: Chapisco de argamassa de cimento e areia média ou grossa lavada, no traço 1:3, espessura 5 mm | C76: m2 | D76: 1406.32 | E76: 155.16 | G76: =D76+E76-F76 -> 1561.48 | H76: 7.8487207 | I76: 934.15 | J76: =I76*H76 -> 7331.8824 | K76: =I76/G76 -> 0.59824654 | L76: =IFERROR(VLOOKUP(A76,'MEMO CALCULO 14'!$B$12:$E$343,4,0),0) -> 0 | M76: =L76*H76 -> 0 | N76: =L76/G76 -> 0 | O76: =I76+L76 -> 934.15 | P76: =J76+M76 -> 7331.8824 | Q76: =K76+N76 -> 0.59824654
A77: 5.6 | B77: Emboço de argamassa de cimento, cal hidratada CH1 e areia média ou grossa lavada no traço 1:0.5:6, espessura 20 mm | C77: m2 | D77: 224.57 | E77: 100.4 | G77: =D77+E77-F77 -> 324.97 | H77: 37.811517 | I77: 169.91 | J77: =I77*H77 -> 6424.5549 | K77: =I77/G77 -> 0.52284826 | L77: =IFERROR(VLOOKUP(A77,'MEMO CALCULO 14'!$B$12:$E$343,4,0),0) -> 0 | M77: =L77*H77 -> 0 | N77: =L77/G77 -> 0 | O77: =I77+L77 -> 169.91 | P77: =J77+M77 -> 6424.5549 | Q77: =K77+N77 -> 0.52284826
A78: 5.7 | B78: Reboco tipo paulista de argamassa de cimento, cal hidratada CH1 e areia média ou grossa lavada no traço 1:0.5:6, espessura 25 mm | C78: m2 | D78: 1148.32 | E78: 155.16 | G78: =D78+E78-F78 -> 1303.48 | H78: 64.244054 | I78: 825.46 | J78: =I78*H78 -> 53030.897 | K78: =I78/G78 -> 0.633274 | L78: =IFERROR(VLOOKUP(A78,'MEMO CALCULO 14'!$B$12:$E$343,4,0),0) -> 0 | M78: =L78*H78 -> 0 | N78: =L78/G78 -> 0 | O78: =I78+L78 -> 825.46 | P78: =J78+M78 -> 53030.897 | Q78: =K78+N78 -> 0.633274
A79: 5.8 | B79: Divisória de granito com 3 cm de espessura, assentada com argamassa de cimento e areia no traço 1:3, na cor cinza | C79: m2 | D79: 20.98 | E79: 0 | G79: =D79+E79-F79 -> 20.98 | H79: 562.52125 | I79: 0 | J79: =I79*H79 -> 0 | K79: =I79/G79 -> 0 | L79: =IFERROR(VLOOKUP(A79,'MEMO CALCULO 14'!$B$12:$E$343,4,0),0) -> 0 | M79: =L79*H79 -> 0 | N79: =L79/G79 -> 0 | O79: =I79+L79 -> 0 | P79: =J79+M79 -> 0 | Q79: =K79+N79 -> 0
A80: 5.9 | B80: Verga/contraverga reta de concreto armado 10 x 5 cm, Fck = 15 MPa, inclusive forma, armação e desforma | C80: m | D80: 47.5 | E80: 0 | G80: =D80+E80-F80 -> 47.5 | H80: 10.490864 | I80: 0 | J80: =I80*H80 -> 0 | K80: =I80/G80 -> 0 | L80: =IFERROR(VLOOKUP(A80,'MEMO CALCULO 14'!$B$12:$E$343,4,0),0) -> 0 | M80: =L80*H80 -> 0 | N80: =L80/G80 -> 0 | O80: =I80+L80 -> 0 | P80: =J80+M80 -> 0 | Q80: =K80+N80 -> 0
A81: 5.10 | B81: Cobogó de concreto 40 x 40 x 10 cm, tipo reto, assentados com argamassa de cimento e areia no traço 1:3, espessura das juntas 15 mm | C81: m2 | D81: 9.66 | E81: 0 | G81: =D81+E81-F81 -> 9.66 | H81: 187.48118 | I81: 0 | J81: =I81*H81 -> 0 | K81: =I81/G81 -> 0 | L81: =IFERROR(VLOOKUP(A81,'MEMO CALCULO 14'!$B$12:$E$343,4,0),0) -> 0 | M81: =L81*H81 -> 0 | N81: =L81/G81 -> 0 | O81: =I81+L81 -> 0 | P81: =J81+M81 -> 0 | Q81: =K81+N81 -> 0
A82: 5.11 | B82: Apicoamento de superfície com revestimento em argamassa | C82: m2 | D82: 99.73 | E82: 0 | G82: =D82+E82-F82 -> 99.73 | H82: 10.635183 | I82: 99.73 | J82: =I82*H82 -> 1060.6468 | K82: =I82/G82 -> 1 | L82: =IFERROR(VLOOKUP(A82,'MEMO CALCULO 14'!$B$12:$E$343,4,0),0) -> 0 | M82: =L82*H82 -> 0 | N82: =L82/G82 -> 0 | O82: =I82+L82 -> 99.73 | P82: =J82+M82 -> 1060.6468 | Q82: =K82+N82 -> 1
A83: 5.12 | B83: Piso cerâmico esmaltado, PEI 5, acabamento semibrilho, dim. 45x45cm, ref. de cor CARGO PLUS WHITE Eliane/equiv. assentado com argamassa de cimento colante, inclusive rejuntamento | C83: m2 | D83: 50.61 | E83: 0 | G83: =D83+E83-F83 -> 50.61 | H83: 84.81503 | I83: 50.61 | J83: =I83*H83 -> 4292.4886 | K83: =I83/G83 -> 1 | L83: =IFERROR(VLOOKUP(A83,'MEMO CALCULO 14'!$B$12:$E$343,4,0),0) -> 0 | M83: =L83*H83 -> 0 | N83: =L83/G83 -> 0 | O83: =I83+L83 -> 50.61 | P83: =J83+M83 -> 4292.4886 | Q83: =K83+N83 -> 1
A84: 6. | B84: TETOS E FORROS | M84: =SUM(M85) -> 0 | P84: =SUM(P85) -> 0
A85: 6.1 | B85: Forro de gesso acabamento tipo liso | C85: m2 | D85: 58.34 | E85: 0 | G85: =D85+E85-F85 -> 58.34 | H85: 57.702724 | I85: 0 | J85: =I85*H85 -> 0 | K85: =I85/G85 -> 0 | L85: =IFERROR(VLOOKUP(A85,'MEMO CALCULO 14'!$B$12:$E$343,4,0),0) -> 0 | M85: =L85*H85 -> 0 | N85: =L85/G85 -> 0 | O85: =I85+L85 -> 0 | P85: =J85+M85 -> 0 | Q85: =K85+N85 -> 0
A86: 7 | B86: PISOS E REVESTIMENTOS | M86: =SUM(M87:M91) -> 0 | P86: =SUM(P87:P91) -> 22139.888
A87: 7.1 | B87: Piso argamassa alta resistência tipo granilite ou equiv de qualidade comprovada, esp de 10mm, com juntas plástica em quadros de 1m, na cor natural, com acabamento polido mecanizado, inclusive regularização e=3.0cm | C87: m2 | D87: 178.72 | E87: 0 | G87: =D87+E87-F87 -> 178.72 | H87: 156.0863 | I87: 0 | J87: =I87*H87 -> 0 | K87: =I87/G87 -> 0 | L87: =IFERROR(VLOOKUP(A87,'MEMO CALCULO 14'!$B$12:$E$343,4,0),0) -> 0 | M87: =L87*H87 -> 0 | N87: =L87/G87 -> 0 | O87: =I87+L87 -> 0 | P87: =J87+M87 -> 0 | Q87: =K87+N87 -> 0
A88: 7.2 | B88: Azulejo branco 15 x 15 cm, juntas a prumo, assentado com argamassa de cimento colante, inclusive rejuntamento com cimento branco, marcas de referência Eliane, Cecrisa ou Portobello | C88: m2 | D88: 332.47 | E88: 0 | G88: =D88+E88-F88 -> 332.47 | H88: 116.03229 | I88: 172.445 | J88: =I88*H88 -> 20009.188 | K88: =I88/G88 -> 0.51867838 | L88: =IFERROR(VLOOKUP(A88,'MEMO CALCULO 14'!$B$12:$E$343,4,0),0) -> 0 | M88: =L88*H88 -> 0 | N88: =L88/G88 -> 0 | O88: =I88+L88 -> 172.445 | P88: =J88+M88 -> 20009.188 | Q88: =K88+N88 -> 0.51867838
A89: 7.3 | B89: Rodapé de granito cinza esp. 2cm, h=7cm, assentado com argamassa de cimento, cal hidratada CH1 e areia no traço 1:0,5:8, incl. rejuntamento com cimento branco | C89: m | D89: 63.75 | E89: 0 | G89: =D89+E89-F89 -> 63.75 | H89: 49.60125 | I89: 0 | J89: =I89*H89 -> 0 | K89: =I89/G89 -> 0 | L89: =IFERROR(VLOOKUP(A89,'MEMO CALCULO 14'!$B$12:$E$343,4,0),0) -> 0 | M89: =L89*H89 -> 0 | N89: =L89/G89 -> 0 | O89: =I89+L89 -> 0 | P89: =J89+M89 -> 0 | Q89: =K89+N89 -> 0
A90: 7.4 | B90: Soleira de granito esp. 2 cm e largura de 15 cm | C90: m | D90: 2 | E90: 0 | G90: =D90+E90-F90 -> 2 | H90: 60.158723 | I90: 0 | J90: =I90*H90 -> 0 | K90: =I90/G90 -> 0 | L90: =IFERROR(VLOOKUP(A90,'MEMO CALCULO 14'!$B$12:$E$343,4,0),0) -> 0 | M90: =L90*H90 -> 0 | N90: =L90/G90 -> 0 | O90: =I90+L90 -> 0 | P90: =J90+M90 -> 0 | Q90: =K90+N90 -> 0
A91: 7.5 | B91: Piso cimentado liso com 1.5 cm de espessura, de argamassa de cimento e areia no traço 1:3 e juntas plásticas em quadros de 1 m | C91: m2 | D91: 8.525 | E91: 24 | G91: =D91+E91-F91 -> 32.525 | H91: 65.509619 | I91: 32.525 | J91: =I91*H91 -> 2130.7004 | K91: =I91/G91 -> 1 | L91: =IFERROR(VLOOKUP(A91,'MEMO CALCULO 14'!$B$12:$E$343,4,0),0) -> 0 | M91: =L91*H91 -> 0 | N91: =L91/G91 -> 0 | O91: =I91+L91 -> 32.525 | P91: =J91+M91 -> 2130.7004 | Q91: =K91+N91 -> 1
A92: 8 | B92: ESQUADRIAS METÁLICAS | M92: =SUM(M93:M100) -> 0 | P92: =SUM(P93:P100) -> 38904.616
A93: 8.1 | B93: Porta de abrir tipo veneziana em alumínio anodizado, linha 25, completa, incl. puxador com tranca, caixilho, alizar e contramarco | C93: m2 | D93: 32.93 | E93: 0 | G93: =D93+E93-F93 -> 32.93 | H93: 1290.6649 | I93: 20.7 | J93: =I93*H93 -> 26716.764 | K93: =I93/G93 -> 0.62860613 | L93: =IFERROR(VLOOKUP(A93,'MEMO CALCULO 14'!$B$12:$E$343,4,0),0) -> 0 | M93: =L93*H93 -> 0 | N93: =L93/G93 -> 0 | O93: =I93+L93 -> 20.7 | P93: =J93+M93 -> 26716.764 | Q93: =K93+N93 -> 0.62860613
A94: 8.2 | B94: Portão de ferro de abrir em barra chata, inclusive chumbamento | C94: m2 | D94: 7.14 | E94: 0 | G94: =D94+E94-F94 -> 7.14 | H94: 604.70674 | I94: 7.14 | J94: =I94*H94 -> 4317.6061 | K94: =I94/G94 -> 1 | L94: =IFERROR(VLOOKUP(A94,'MEMO CALCULO 14'!$B$12:$E$343,4,0),0) -> 0 | M94: =L94*H94 -> 0 | N94: =L94/G94 -> 0 | O94: =I94+L94 -> 7.14 | P94: =J94+M94 -> 4317.6061 | Q94: =K94+N94 -> 1
A95: 8.3 | B95: Janela de correr para vidro em alumínio anodizado cor natural, linha 25, completa, incl. puxador com tranca, alizar, caixilho e contramarco, exclusive vidro | C95: m2 | D95: 2.4 | E95: 0 | G95: =D95+E95-F95 -> 2.4 | H95: 652.82039 | I95: 0 | J95: =I95*H95 -> 0 | K95: =I95/G95 -> 0 | L95: =IFERROR(VLOOKUP(A95,'MEMO CALCULO 14'!$B$12:$E$343,4,0),0) -> 0 | M95: =L95*H95 -> 0 | N95: =L95/G95 -> 0 | O95: =I95+L95 -> 0 | P95: =J95+M95 -> 0 | Q95: =K95+N95 -> 0
A96: 8.4 | B96: Grade de ferro em barra chata, inclusive chumbamento | C96: m2 | D96: 5.84 | E96: 0 | G96: =D96+E96-F96 -> 5.84 | H96: 371.04355 | I96: 0 | J96: =I96*H96 -> 0 | K96: =I96/G96 -> 0 | L96: =IFERROR(VLOOKUP(A96,'MEMO CALCULO 14'!$B$12:$E$343,4,0),0) -> 0 | M96: =L96*H96 -> 0 | N96: =L96/G96 -> 0 | O96: =I96+L96 -> 0 | P96: =J96+M96 -> 0 | Q96: =K96+N96 -> 0
A97: 8.5 | B97: Báscula para vidro em alumínio anodizado cor natural, linha 25, completa, com tranca, caixilho, alizar e contramarco, exclusive vidro | C97: m2 | D97: 3.81 | E97: 0 | G97: =D97+E97-F97 -> 3.81 | H97: 773.45978 | I97: 3.81 | J97: =I97*H97 -> 2946.8818 | K97: =I97/G97 -> 1 | L97: =IFERROR(VLOOKUP(A97,'MEMO CALCULO 14'!$B$12:$E$343,4,0),0) -> 0 | M97: =L97*H97 -> 0 | N97: =L97/G97 -> 0 | O97: =I97+L97 -> 3.81 | P97: =J97+M97 -> 2946.8818 | Q97: =K97+N97 -> 1
A98: 8.6 | B98: Fornecimento e instalação Portão de Abrir em Gradil Nylofor 3D, em painel de aço galvanizado, Dim.: 1,00 x 2,43m - Belgo ou equivalente, malha retangular 200x50mm e fio de aço Ø5,0mm, incl. poste de aço galv. 60x40mm | C98: und | D98: 1 | E98: 0 | G98: =D98+E98-F98 -> 1 | H98: 3288.0367 | I98: 1 | J98: =I98*H98 -> 3288.0367 | K98: =I98/G98 -> 1 | L98: =IFERROR(VLOOKUP(A98,'MEMO CALCULO 14'!$B$12:$E$343,4,0),0) -> 0 | M98: =L98*H98 -> 0 | N98: =L98/G98 -> 0 | O98: =I98+L98 -> 1 | P98: =J98+M98 -> 3288.0367 | Q98: =K98+N98 -> 1
A99: 8.7 | B99: Guarda corpo de tubo de ferro galvanizado, diâm. 3" e 2", h=0.8 m inclusive pintura a óleo ou esmalte | C99: m | D99: 2.12 | E99: 0 | G99: =D99+E99-F99 -> 2.12 | H99: 371.99828 | I99: 2.12 | J99: =I99*H99 -> 788.63634 | K99: =I99/G99 -> 1 | L99: =IFERROR(VLOOKUP(A99,'MEMO CALCULO 14'!$B$12:$E$343,4,0),0) -> 0 | M99: =L99*H99 -> 0 | N99: =L99/G99 -> 0 | O99: =I99+L99 -> 2.12 | P99: =J99+M99 -> 788.63634 | Q99: =K99+N99 -> 1
A100: 8.8 | B100: Porta de enrolar, em perfil meia cana fechado, em chapa de aço galvanizado n.º 22 | C100: m2 | D100: 2.2 | E100: 0 | G100: =D100+E100-F100 -> 2.2 | H100: 384.8593 | I100: 2.2 | J100: =I100*H100 -> 846.69046 | K100: =I100/G100 -> 1 | L100: =IFERROR(VLOOKUP(A100,'MEMO CALCULO 14'!$B$12:$E$343,4,0),0) -> 0 | M100: =L100*H100 -> 0 | N100: =L100/G100 -> 0 | O100: =I100+L100 -> 2.2 | P100: =J100+M100 -> 846.69046 | Q100: =K100+N100 -> 1
A101: 9 | B101: ESQUADRIAS DE MADEIRA | M101: =SUM(M102:M105) -> 0 | P101: =SUM(P102:P105) -> 0
A102: 9.1 | B102: Marco de madeira de lei de 1ª (Peroba, Ipê, Angelim Pedra ou equivalente) com 15x3 cm de batente, nas dimensões de 0.60 x 2.10 m | C102: und | D102: 1 | E102: 0 | G102: =D102+E102-F102 -> 1 | H102: 444.57951 | I102: 0 | J102: =I102*H102 -> 0 | K102: =I102/G102 -> 0 | L102: =IFERROR(VLOOKUP(A102,'MEMO CALCULO 14'!$B$12:$E$343,4,0),0) -> 0 | M102: =L102*H102 -> 0 | N102: =L102/G102 -> 0 | O102: =I102+L102 -> 0 | P102: =J102+M102 -> 0 | Q102: =K102+N102 -> 0
A103: 9.2 | B103: Marco de madeira de lei de 1ª (Peroba, Ipê, Angelim Pedra ou equivalente) com 15x3 cm de batente, nas dimensões de 0.80 x 2.10 m | C103: und | D103: 2 | E103: 0 | G103: =D103+E103-F103 -> 2 | H103: 444.57951 | I103: 0 | J103: =I103*H103 -> 0 | K103: =I103/G103 -> 0 | L103: =IFERROR(VLOOKUP(A103,'MEMO CALCULO 14'!$B$12:$E$343,4,0),0) -> 0 | M103: =L103*H103 -> 0 | N103: =L103/G103 -> 0 | O103: =I103+L103 -> 0 | P103: =J103+M103 -> 0 | Q103: =K103+N103 -> 0
A104: 9.3 | B104: Porta em madeira de lei tipo angelim pedra ou equiv.c/enchimento em madeira 1a.qualidade esp. 30mm p/ pintura, inclusive alizares, dobradiças e fechadura externa em latão cromado LaFonte ou equiv., exclusive marco, nas dim.:0.60 x 2.10 m | C104: und | D104: 1 | E104: 0 | G104: =D104+E104-F104 -> 1 | H104: 1249.4342 | I104: 0 | J104: =I104*H104 -> 0 | K104: =I104/G104 -> 0 | L104: =IFERROR(VLOOKUP(A104,'MEMO CALCULO 14'!$B$12:$E$343,4,0),0) -> 0 | M104: =L104*H104 -> 0 | N104: =L104/G104 -> 0 | O104: =I104+L104 -> 0 | P104: =J104+M104 -> 0 | Q104: =K104+N104 -> 0
A105: 9.4 | B105: Porta em madeira de lei tipo angelim pedra ou equiv.c/enchimento em madeira 1a.qualidade esp. 30mm p/ pintura, inclusive alizares, dobradiças e fechadura externa em latão cromado LaFonte ou equiv., exclusive marco, nas dim.: 0.80 x 2.10 m | C105: und | D105: 2 | E105: 0 | G105: =D105+E105-F105 -> 2 | H105: 1277.9427 | I105: 0 | J105: =I105*H105 -> 0 | K105: =I105/G105 -> 0 | L105: =IFERROR(VLOOKUP(A105,'MEMO CALCULO 14'!$B$12:$E$343,4,0),0) -> 0 | M105: =L105*H105 -> 0 | N105: =L105/G105 -> 0 | O105: =I105+L105 -> 0 | P105: =J105+M105 -> 0 | Q105: =K105+N105 -> 0
A106: 10 | B106: INSTALAÇÕES HIDROSSANITÁRIAS | M106: =SUM(M107:M124) -> 0 | P106: =SUM(P107:P124) -> 474.4313
A107: 10.1 | B107: Adaptador de PVC soldável com flanges livres para caixa d'água, diâmetro 40mm x 1 1/4" | C107: und | D107: 5 | E107: 0 | G107: =D107+E107-F107 -> 5 | H107: 39.399024 | I107: 0 | J107: =I107*H107 -> 0 | K107: =I107/G107 -> 0 | L107: =IFERROR(VLOOKUP(A107,'MEMO CALCULO 14'!$B$12:$E$343,4,0),0) -> 0 | M107: =L107*H107 -> 0 | N107: =L107/G107 -> 0 | O107: =I107+L107 -> 0 | P107: =J107+M107 -> 0 | Q107: =K107+N107 -> 0
A108: 10.2 | B108: Adaptador de PVC soldável com flanges livres para caixa d'água, diâmetro 50mm x 1 1/2" | C108: und | D108: 1 | E108: 0 | G108: =D108+E108-F108 -> 1 | H108: 44.550093 | I108: 0 | J108: =I108*H108 -> 0 | K108: =I108/G108 -> 0 | L108: =IFERROR(VLOOKUP(A108,'MEMO CALCULO 14'!$B$12:$E$343,4,0),0) -> 0 | M108: =L108*H108 -> 0 | N108: =L108/G108 -> 0 | O108: =I108+L108 -> 0 | P108: =J108+M108 -> 0 | Q108: =K108+N108 -> 0
A109: 10.3 | B109: Registro de gaveta bruto diam. 15mm (1/2") | C109: und | D109: 1 | E109: 0 | G109: =D109+E109-F109 -> 1 | H109: 61.180056 | I109: 0 | J109: =I109*H109 -> 0 | K109: =I109/G109 -> 0 | L109: =IFERROR(VLOOKUP(A109,'MEMO CALCULO 14'!$B$12:$E$343,4,0),0) -> 0 | M109: =L109*H109 -> 0 | N109: =L109/G109 -> 0 | O109: =I109+L109 -> 0 | P109: =J109+M109 -> 0 | Q109: =K109+N109 -> 0
A110: 10.4 | B110: Registro de gaveta bruto diam. 20mm (3/4") | C110: und | D110: 1 | E110: 0 | G110: =D110+E110-F110 -> 1 | H110: 71.948456 | I110: 0 | J110: =I110*H110 -> 0 | K110: =I110/G110 -> 0 | L110: =IFERROR(VLOOKUP(A110,'MEMO CALCULO 14'!$B$12:$E$343,4,0),0) -> 0 | M110: =L110*H110 -> 0 | N110: =L110/G110 -> 0 | O110: =I110+L110 -> 0 | P110: =J110+M110 -> 0 | Q110: =K110+N110 -> 0
A111: 10.5 | B111: Registro de gaveta bruto diam. 32mm (11/4") | C111: und | D111: 5 | E111: 0 | G111: =D111+E111-F111 -> 5 | H111: 137.46918 | I111: 0 | J111: =I111*H111 -> 0 | K111: =I111/G111 -> 0 | L111: =IFERROR(VLOOKUP(A111,'MEMO CALCULO 14'!$B$12:$E$343,4,0),0) -> 0 | M111: =L111*H111 -> 0 | N111: =L111/G111 -> 0 | O111: =I111+L111 -> 0 | P111: =J111+M111 -> 0 | Q111: =K111+N111 -> 0
A112: 10.6 | B112: Registro de pressão com canopla cromada diam. 20mm (3/4"), marcas de referência Fabrimar, Deca ou Docol | C112: und | D112: 1 | E112: 0 | G112: =D112+E112-F112 -> 1 | H112: 141.13265 | I112: 0 | J112: =I112*H112 -> 0 | K112: =I112/G112 -> 0 | L112: =IFERROR(VLOOKUP(A112,'MEMO CALCULO 14'!$B$12:$E$343,4,0),0) -> 0 | M112: =L112*H112 -> 0 | N112: =L112/G112 -> 0 | O112: =I112+L112 -> 0 | P112: =J112+M112 -> 0 | Q112: =K112+N112 -> 0
A113: 10.7 | B113: Tubo de PVC rígido soldável marrom, DN 25mm (3/4"), inclusive conexões | C113: m | D113: 4.6 | E113: 0 | G113: =D113+E113-F113 -> 4.6 | H113: 25.722045 | I113: 0 | J113: =I113*H113 -> 0 | K113: =I113/G113 -> 0 | L113: =IFERROR(VLOOKUP(A113,'MEMO CALCULO 14'!$B$12:$E$343,4,0),0) -> 0 | M113: =L113*H113 -> 0 | N113: =L113/G113 -> 0 | O113: =I113+L113 -> 0 | P113: =J113+M113 -> 0 | Q113: =K113+N113 -> 0
A114: 10.8 | B114: Tubo de PVC rígido soldável marrom, DN 32mm (1"), inclusive conexões | C114: m | D114: 16.8 | E114: 0 | G114: =D114+E114-F114 -> 16.8 | H114: 30.595579 | I114: 0 | J114: =I114*H114 -> 0 | K114: =I114/G114 -> 0 | L114: =IFERROR(VLOOKUP(A114,'MEMO CALCULO 14'!$B$12:$E$343,4,0),0) -> 0 | M114: =L114*H114 -> 0 | N114: =L114/G114 -> 0 | O114: =I114+L114 -> 0 | P114: =J114+M114 -> 0 | Q114: =K114+N114 -> 0
A115: 10.9 | B115: Tubo de PVC rígido soldável marrom, DN 40mm (1.1/4"), inclusive conexões | C115: m | D115: 38 | E115: 0 | G115: =D115+E115-F115 -> 38 | H115: 40.06511 | I115: 0 | J115: =I115*H115 -> 0 | K115: =I115/G115 -> 0 | L115: =IFERROR(VLOOKUP(A115,'MEMO CALCULO 14'!$B$12:$E$343,4,0),0) -> 0 | M115: =L115*H115 -> 0 | N115: =L115/G115 -> 0 | O115: =I115+L115 -> 0 | P115: =J115+M115 -> 0 | Q115: =K115+N115 -> 0
A116: 10.10 | B116: Válvula de Descarga com acabamento anti-vandalismo, marcas de referência Fabrimar, Deca ou Docol | C116: und | D116: 7 | E116: 0 | G116: =D116+E116-F116 -> 7 | H116: 617.02934 | I116: 0 | J116: =I116*H116 -> 0 | K116: =I116/G116 -> 0 | L116: =IFERROR(VLOOKUP(A116,'MEMO CALCULO 14'!$B$12:$E$343,4,0),0) -> 0 | M116: =L116*H116 -> 0 | N116: =L116/G116 -> 0 | O116: =I116+L116 -> 0 | P116: =J116+M116 -> 0 | Q116: =K116+N116 -> 0
A117: 10.11 | B117: Tubo de PVC rígido soldável branco, para esgoto, série normal, diâmetro 50mm (2"), inclusive conexões | C117: m | D117: 36.2 | E117: 0 | G117: =D117+E117-F117 -> 36.2 | H117: 43.306732 | I117: 0 | J117: =I117*H117 -> 0 | K117: =I117/G117 -> 0 | L117: =IFERROR(VLOOKUP(A117,'MEMO CALCULO 14'!$B$12:$E$343,4,0),0) -> 0 | M117: =L117*H117 -> 0 | N117: =L117/G117 -> 0 | O117: =I117+L117 -> 0 | P117: =J117+M117 -> 0 | Q117: =K117+N117 -> 0
A118: 10.12 | B118: Tubo de PVC rígido soldável branco, para esgoto, série normal, diâmetro 100mm (4"), inclusive conexões | C118: m | D118: 174.6 | E118: 0 | G118: =D118+E118-F118 -> 174.6 | H118: 83.238625 | I118: 4 | J118: =I118*H118 -> 332.9545 | K118: =I118/G118 -> 0.022909507 | L118: =IFERROR(VLOOKUP(A118,'MEMO CALCULO 14'!$B$12:$E$343,4,0),0) -> 0 | M118: =L118*H118 -> 0 | N118: =L118/G118 -> 0 | O118: =I118+L118 -> 4 | P118: =J118+M118 -> 332.9545 | Q118: =K118+N118 -> 0.022909507
... A124: 10.18 | B124: Alvenaria de vedação de blocos cerâmicos maciços de 5x10x20cm (espessura 10cm) e argamassa de assentamento com preparo em betoneira para construção de sumidouro | C124: m² | D124: 17.01 | E124: 0 | G124: =D124+E124-F124 -> 17.01 | H124: 119.46461 | I124: 0 | J124: =I124*H124 -> 0 | K124: =I124/G124 -> 0 | L124: =IFERROR(VLOOKUP(A124,'MEMO CALCULO 14'!$B$12:$E$343,4,0),0) -> 0 | M124: =L124*H124 -> 0 | N124: =L124/G124 -> 0 | O124: =I124+L124 -> 0 | P124: =J124+M124 -> 0 | Q124: =K124+N124 -> 0
A125: 11 | B125: INSTALAÇÕES HIDROSSANITÁRIAS | M125: =SUM(M126:M147) -> 0 | P125: =SUM(P126:P147) -> 10644.562
A126: 11.1 | B126: Bacia sifonada de louça branca com abertura frontal p/ banheiro PNE, consumo 6 litros por fluxo, Vogue Plus Conforto - P.51.17, Ref. Deca ou equiv., incl. tubo de ligação inox c/ canopla, anel de vedação, paraf. e rejunte epoxi p/ vedação | C126: und | D126: 2 | E126: 0 | G126: =D126+E126-F126 -> 2 | H126: 1788.0651 | I126: 0 | J126: =I126*H126 -> 0 | K126: =I126/G126 -> 0 | L126: =IFERROR(VLOOKUP(A126,'MEMO CALCULO 14'!$B$12:$E$343,4,0),0) -> 0 | M126: =L126*H126 -> 0 | N126: =L126/G126 -> 0 | O126: =I126+L126 -> 0 | P126: =J126+M126 -> 0 | Q126: =K126+N126 -> 0
A127: 11.2 | B127: Bacia sifonada de louça branca com caixa acoplada, inclusive acessórios | C127: und | D127: 1 | E127: 0 | G127: =D127+E127-F127 -> 1 | H127: 711.02526 | I127: 0 | J127: =I127*H127 -> 0 | K127: =I127/G127 -> 0 | L127: =IFERROR(VLOOKUP(A127,'MEMO CALCULO 14'!$B$12:$E$343,4,0),0) -> 0 | M127: =L127*H127 -> 0 | N127: =L127/G127 -> 0 | O127: =I127+L127 -> 0 | P127: =J127+M127 -> 0 | Q127: =K127+N127 -> 0
A128: 11.3 | B128: Bacia convencional em louça branca ref. Linha Ravena P9 Deca ou equiv., inclusive tubo de ligação, acessórios de fixação e assento plástico | C128: und | D128: 5 | E128: 1 | G128: =D128+E128-F128 -> 6 | H128: 746.33896 | I128: 1 | J128: =I128*H128 -> 746.33896 | K128: =I128/G128 -> 0.16666667 | L128: =IFERROR(VLOOKUP(A128,'MEMO CALCULO 14'!$B$12:$E$343,4,0),0) -> 0 | M128: =L128*H128 -> 0 | N128: =L128/G128 -> 0 | O128: =I128+L128 -> 1 | P128: =J128+M128 -> 746.33896 | Q128: =K128+N128 -> 0.16666667
A129: 11.4 | B129: Vaso sanitário padrão popular completo com acessórios para ligação, marcas de referência Deca, Celite ou Ideal Standard, inclusive assento plástico | C129: und | D129: 5 | E129: 0 | G129: =D129+E129-F129 -> 5 | H129: 636.55678 | I129: 5 | J129: =I129*H129 -> 3182.7839 | K129: =I129/G129 -> 1 | L129: =IFERROR(VLOOKUP(A129,'MEMO CALCULO 14'!$B$12:$E$343,4,0),0) -> 0 | M129: =L129*H129 -> 0 | N129: =L129/G129 -> 0 | O129: =I129+L129 -> 5 | P129: =J129+M129 -> 3182.7839 | Q129: =K129+N129 -> 1
A130: 11.5 | B130: Torneira pressão cromada diâm. 1/2" para lavatório, marcas de referência Fabrimar, Deca ou Docol | C130: und | D130: 7 | E130: 0 | G130: =D130+E130-F130 -> 7 | H130: 196.15141 | I130: 0 | J130: =I130*H130 -> 0 | K130: =I130/G130 -> 0 | L130: =IFERROR(VLOOKUP(A130,'MEMO CALCULO 14'!$B$12:$E$343,4,0),0) -> 0 | M130: =L130*H130 -> 0 | N130: =L130/G130 -> 0 | O130: =I130+L130 -> 0 | P130: =J130+M130 -> 0 | Q130: =K130+N130 -> 0
...

Sheet MEMO CALCULO 14
B2: PREFEITURA MUNICIPAL DE SÃO ROQUE DO CANAÃ
B8: MEMÓRIA DE CÁLCULO 14ª MEDIÇÃO
B9: OBRA: REFORMA DE QUATRO QUADRAS POLIESPORTIVAS LOCALIZADAS EM SÃO JACINTO, VILA VERDE, SÃO BENTO E CÓRREGO SAÚDE, REFORMA E AMPLIAÇÃO DE UMA QUADRA POLIESPORTIVA, LOCALIZADA NA COMUNIDADE DE ALTO SANTA LUZIA, DISTRITO DE SANTA JÚLIA, NESTE MUNICÍPIO. | D9: DATA: 30/03/2026
B10: LOCAL: AVENIDA SEVERINO SIMONASSI, DISTRITO DE SÃO JACINTO; RUA JOSÉ CARLOS VOLPI, VILA VERDE; AVENIDA CATARINA GUIDONI VOLPI, SÃO BENTO; RODOVIA ES-080, COMUNIDADE DE NOSSA SENHORA DA SAÚDE, DISTRITO DE SÃO JACINTO; COMUNIDADE DE SANTA LUZIA, ZONA RURAL, DISTRITO DE SANTA JÚLIA. SÃO ROQUE DO CANAÃ
B11: ITEM | C11: DESCRIÇÃO | D11: UND | E11: QUANT.
B12: 1 | C12: =VLOOKUP(B12,'MEDIÇÃO 14'!$A$20:$C$262,2,0) -> INSTALAÇÃO DO CANTEIRO DE OBRAS
B13: 1.1 | C13: =VLOOKUP($B13,'MEDIÇÃO 14'!$A$20:$C$233,2,0) -> Placa de obra nas dimensões de 2.0 x 4.0 m, padrão DER | D13: =VLOOKUP($B13,'MEDIÇÃO 14'!$A$20:$C$233,3,0) -> m2 | E13: =D15 -> 8
B14: QUADRA SANTA LUZIA
B15: Placa de Obra: 2,00 m x 4,00 m = 8,00 m² | D15: 8
B17: 4 | C17: =VLOOKUP(B17,'MEDIÇÃO 14'!$A$20:$C$262,2,0) -> INFRAESTRUTURA E SUPERESTRUTURA
B18: 4.1.2 | C18: =VLOOKUP($B18,'MEDIÇÃO 14'!$A$20:$C$233,2,0) -> Fôrma de chapa compensada resinada 12mm, levando-se em conta a utilização 3 vezes (incluido o material, corte, montagem, escoramento e desfôrma) | D18: =VLOOKUP($B18,'MEDIÇÃO 14'!$A$20:$C$233,3,0) -> m2 | E18: =SUM(D20) -> 2.23
B19: QUADRA SANTA LUZIA
B20: laje do pavimento térreo: (13,46 m x 0,06 m x 2 lados) + (5,15 m x 0,06 m x 2 lados) = 2,23 m² | D20: 2.23
B21: 4.2.1 | C21: =VLOOKUP($B21,'MEDIÇÃO 14'!$A$20:$C$233,2,0) -> Fornecimento, dobragem e colocação em fôrma, de armadura CA-50 A média, diâmetro de 6.3 a 10.0 mm | D21: =VLOOKUP($B21,'MEDIÇÃO 14'!$A$20:$C$233,3,0) -> kg | E21: =SUM(D24:D47) -> 560.26
B22: QUADRA SANTA LUZIA (REAL EXECUTADO CONFORME PROJETO E ORIENTAÇÃO DA FISCALIZAÇÃO)
B23: Vigas pavimento inferior diâmetro 10,00 mm
B24: Executado conforme in loco: ((5,2*8)+(20,8-8)+20,8+1,6+1,2) + dobras (8*4*0,1)+(4*4*0,1).: 82,80 m x 2 barras = 165,60 m x 0,617 kg/m = 102,18 kg (medidas externas da viga + dobras) | D24: 102.18
B25: Vigas pavimento inferior diâmetro 5.0 mm
B26: Estribos = 73,20 m (sem dobras) / 0,15 m = 488,00 estribos x 1,06 m = 517,28 m x 0,154 kg/m = 79,66 kg | D26: 79.66
B27: Vigas do pavimento do palco com seção diminuída (8,00 m) – 15x40 cm
B28: Ferragem: 8,20 m x 2 barras = 16,40 m x 0,617 kg/m = 10,12 kg | D28: 10.12
B29: Estribos = 8,00 m (sem dobras) / 0,15 m = 53,00 estribos x 1,06 m = 56,18 m x 0,154 kg/m = 8,65 kg | D29: 8.65
B30: Vigas curtas armadura inferior (1,6 m +1,2 m) – 15x40 cm
B31: Ferragem: 2,80 m x 2 barras = 5,60 m x 0,617 kg/m = 3,46 kg | D31: 3.46
B32: Diâmetro de 6.3 mm (laje)
B33: Estribos = ((5,30+7,90)/0,30)x5,20m.: 228,80 m x 0,245 kg.: 56,06 Kg + ((5,20)/0,30)x7,50m.: 127,50 m x 0,245 kg.: 31,24 Kg.: 87,30 kg | D33: 87.3
B34: P 01 = P 02 = P 11 = P 12 - PILARES 15x30 – 8 barras 10 mm
B35: Arranque+Subsolo: 1,00 m + 0,20 m (dobra da esteira) + 0,40 m (espera) + 2,60 m + 0,40 m (espera).: 4,60 m
B36: 8 barras x 4 Pilares x 4,60 m x 0,617 kg/m.: 90,82 Kg | D36: 90.82
B37: P 05 = P 06 = P 09 = P 10 - PILARES 15x35 – 8 barras 10 mm
B38: Arranque+Subsolo: 1,00 m + 0,20 m (dobra da esteira) + 0,40 m (espera) + 2,60 m + 0,40 m (espera).: 4,60 m
B39: 8 barras x 4 Pilares x 4,60 m x 0,617 kg/m.: 90,82 Kg | D39: 90.82
B40: P 03 = P 07 - PILARES 15x40 – 8 barras 10 mm
B41: Arranque+Subsolo: 1,00 m + 0,20 m (dobra da esteira) + 0,40 m (espera) + 2,60 m + 0,40 m (espera).: 4,60 m
B42: 8 barras x 2 Pilares x 4,60 m x 0,617 kg/m.: 45,41 Kg | D42: 45.41
B43: ESTRIBOS DOS PILARES DO PALCO DE SANTA LUZIA
B44: P 01 = P 02 = P 11 = P 12 - (15x30): 0,86 m x 24 estribos (3,60m/0,15m) x 4 Pilares x 0,154 Kg/m.: 12,71 Kg | D44: 12.71
B45: P 05 = P 06 = P 09 = P 10 - (15x35): 0,96 m x 24 estribos (3,60m/0,15m) x 4 Pilares x 0,154 Kg/m.: 14,19 Kg | D45: 14.19
B46: P 04 = P 08 - PILARES 20x30 - (20x30): 0,96 m x 24 estribos (3,60m/0,15m) x 2 Pilares x 0,154 Kg/m.: 7,10 Kg | D46: 7.1
B47: P 03 = P 07 - PILARES 15x40 – (15x40): 1,06 m x 24 estribos (3,60m/0,15m) x 2 Pilares x 0,154 Kg/m.: 7,84 Kg | D47: 7.84
B48: 4.2.2 | C48: =VLOOKUP($B48,'MEDIÇÃO 14'!$A$20:$C$233,2,0) -> Fornecimento, dobragem e colocação em fôrma, de armadura CA-50 A grossa, diâmetro de 12.5 a 25.0mm | D48: =VLOOKUP($B48,'MEDIÇÃO 14'!$A$20:$C$233,3,0) -> kg | E48: =SUM(D51:D55) -> 311.24
B49: QUADRA SANTA LUZIA (REAL EXECUTADO CONFORME PROJETO E ORIENTAÇÃO DA FISCALIZAÇÃO)
B50: QUADRA SANTA LUZIA
B51: P 04 = P 08 - PILARES 20x30 - 8 barras 12.5 mm
B52: Arranque+Subsolo: 1,00 m + 0,20 m (dobra da esteira) + 0,40 m (espera) + 2,60 m + 0,40 m (espera).: 4,60 m
B53: 8 barras x 2 Pilares x 4,60 m x 0,963 kg/m.: 70,88 Kg | D53: 70.88
B54: Vigas pavimento inferior diâmetro 12,50 mm
B55: Ferragem inferior = ((5,20 x 8 vigas)+(20,8+20,8)) 83,20 m x 3 barras = 230,25 m x 0,963 kg/m=240,36 kg | D55: 240.36
B56: 4.2.3 | C56: =VLOOKUP($B56,'MEDIÇÃO 14'!$A$20:$C$233,2,0) -> Fôrma em chapa de madeira compensada plastificada 12mm para estrutura em geral, 5 reaproveitamentos, reforçada com sarrafos de madeira 2.5x10cm (incl material, corte, montagem, escoras em eucalipto e desforma) | D56: =VLOOKUP($B56,'MEDIÇÃO 14'!$A$20:$C$233,3,0) -> m2 | E56: =SUM(D58:D84) -> 120.37
B57: QUADRA SANTA LUZIA
B58: V18 = (0,15 m x 4,85 m) + (0,40 m x 2 lados) x 4,85 m = 4,61 m² | D58: 4.61
B59: V19 = (0,15 m x 3,75 m) + (0,40 m x 2 lados) x 3,75 m = 3,56 m² | D59: 3.56
B60: V20 = (0,15 m x 3,93 m) + (0,40 m x 2 lados) x 3,93 m = 3,73 m² | D60: 3.73
B61: V21 = (0,15 m x 4,85 m) + (0,40 m x 2 lados) x 4,85 m = 4,61 m² | D61: 4.61
B62: V22 = (0,15 m x 1,30 m) + (0,40 m x 2 lados) x 1,30 m = 1,23 m² | D62: 1.23
B63: V23 = (0,15 m x 4,72 m) + (0,40 m x 2 lados) x 4,72 m m = 4,48 m² | D63: 4.48
B64: V24 = (0,15 m x 1,00 m) + (0,40 m x 2 lados) x 1,00 m = 0,95 m² | D64: 0.95
B65: V25 = (0,15 m x 1,77 m) + (0,40 m x 2 lados) x 1,77 m = 1,68 m² | D65: 1.68
B66: V26 = (0,15 m x 3,82 m) + (0,40 m x 2 lados) x 3,82 m = 3,63 m² | D66: 3.63
B67: V27 = (0,15 m x 3,82 m) + (0,40 m x 2 lados) x 3,82 m = 3,63 m² | D67: 3.63
B68: V28 = (0,15 m x 7,98 m) + (0,40 m x 2 lados) x 7,98 m = 7,58 m² | D68: 7.58
B69: V29 = (0,15 m x 4,85 m) + (0,40 m x 2 lados) x 4,85 m = 4,61 m² | D69: 4.61
... B76: V36 = (0,15 m x 4,44 m) + (0,40 m x 2 lados) x 4,44 m = 4,22 m² | D76: 4.22
B77: PILARES
B78: Pilares 15 x 30 cm
B79: P1 = P2 = P11 = P12: ((2,10 m + 2,70 m + 0,90 m) x 0,15 m x 2 lados + (2,10 m + 2,70 m + 0,90 m) x 0,30 m x 2 lados) x 4 pilares = 20,52 m² | D79: 20.52
B80: Pilares 15 x 35 cm
B81: P5 = P9 = P10: ((2,10 m + 2,70 m + 0,90 m) x 0,15 m x 2 lados + (2,10 m + 2,70 m + 0,90 m) x 0,35 m x 2 lados) x 3 pilares = 17,10 m² | D81: 17.1
B82: P6: (2,10 m x 0,15 m x 2 lados) + (2,10 m x 0,35 m x 2 lados) = 2,10 m² | D82: 2.1
B83: Pilares 15 x 40 cm
B84: P7 = P3: ((2,10 m + 2,70 m + 0,90 m) x 0,15 m x 2 lados + (2,10 m + 2,70 m + 0,90 m) x 0,40 m x 2 lados) x 2 pilares = 12,54 m² | D84: 12.54
B86: 4.2.4 | C86: =VLOOKUP($B86,'MEDIÇÃO 14'!$A$20:$C$233,2,0) -> Fornecimento, preparo e aplicação de concreto Fck=25 MPa (brita 1 e 2) - (5% de perdas já incluído no custo) | D86: =VLOOKUP($B86,'MEDIÇÃO 14'!$A$20:$C$233,3,0) -> m3 | E86: =SUM(D88:D106) -> 4.31
B87: QUADRA SANTA LUZIA
B88: V18 = 0,15 m x 0,40 m x 4,85 m = 0,29 m³ | D88: 0.29
B89: V19 = 0,15 m x 0,40 m x 3,75 = 0,22 m³ | D89: 0.22
B90: V20 = 0,15 m x 0,40 m x 3,93 = 0,24 m³ | D90: 0.24
B91: V21 = 0,15 m x 0,40 m x 4,85 = 0,29 m³ | D91: 0.29
B92: V22 = 0,15 m x 0,40 m x1,30 = 0,08 m³ | D92: 0.08
B93: V23 = 0,15 m x 0,40 m x 4,72 = 0,28 m³ | D93: 0.28
B94: V24 = 0,15 m x 0,40 m x 1,00 = 0,06 m³ | D94: 0.06
B95: V25 = 0,15 m x 0,40 m x 1,77 = 0,11 m³ | D95: 0.11
B96: V26 = 0,15 m x 0,40 m x 3,82 = 0,23 m³ | D96: 0.23
B97: V27 = 0,15 m x 0,40 m x 3,82 = 0,23 m³ | D97: 0.23
B98: V28 = 0,15 m x 0,40 m x 7,98 m = 0,48 m³ | D98: 0.48
B99: V29 = 0,15 m x 0,40 m x 4,85 = 0,29 m³ | D99: 0.29
... B106: V36 = 0,15 m x 0,40 m x 4,44 = 0,27 m³ | D106: 0.27
B107: 4.2.5 | C107: =VLOOKUP($B107,'MEDIÇÃO 14'!$A$20:$C$233,2,0) -> Laje pré-fabricada treliçada para forro simples revestido, vão até 3.5m, capeamento 2cm, esp. 10cm, Fck = 150Kg/cm2 | D107: =VLOOKUP($B107,'MEDIÇÃO 14'!$A$20:$C$233,3,0) -> m2 | E107: =SUM(D109:D110) -> 103.76
B108: QUADRA SANTA LUZIA
B109: (20,75 m x 5,15 m) = 106,86 m² | D109: 106.86
B110: (1,82 m x 0,85 m) = 1,55 m² x 2 escadas (vão não executado - Hall livre (vazio)).: 3,10 m² | D110: -3.1
B112: 14 | C112: =VLOOKUP(B112,'MEDIÇÃO 14'!$A$20:$C$262,2,0) -> QUADRA DE ESPORTES
B113: 14.22 | C113: =VLOOKUP($B113,'MEDIÇÃO 14'!$A$20:$C$233,2,0) -> Calha em chapa de aço galvanizado número 24, desenvolvimento de 50 cm, incluso transporte vertical | D113: =VLOOKUP($B113,'MEDIÇÃO 14'!$A$20:$C$233,3,0) -> m | E113: =SUM(D115) -> 2.6
B114: QUADRA SÃO JACINTO
B115: 2,60 m (executado) | D115: 2.6
B117: 16 | C117: =VLOOKUP(B117,'MEDIÇÃO 14'!$A$20:$C$262,2,0) -> PINTURA
B118: 16.2 | C118: =VLOOKUP(B118,'MEDIÇÃO 14'!$A$20:$C$262,2,0) -> SOBRE METAL
B119: 16.2.1 | C119: =VLOOKUP($B119,'MEDIÇÃO 14'!$A$20:$C$233,2,0) -> Pintura sobre metal, aplicação manual, com duas demãos de tinta esmalte sintético, referência Suvinil, Coral ou Metalatex, inclusive uma demão de fundo anticorrosivo | D119: =VLOOKUP($B119,'MEDIÇÃO 14'!$A$20:$C$233,3,0) -> m2 | E119: =SUM(D123) -> 24
B122: QUADRA SÃO JACINTO
B123: Pintura da estrutura do telhado do palco - são jacinto: 6,00 m x 4,00 m: 24,00 m² | D123: 24
B124: 16.2.2 | C124: =VLOOKUP($B124,'MEDIÇÃO 14'!$A$20:$C$233,2,0) -> Locação de andaime metálico para trabalho em fachada de edifíco (aluguel de 1 m² por 1 mês) inclusive frete, montagem e desmontagem | D124: =VLOOKUP($B124,'MEDIÇÃO 14'!$A$20:$C$233,3,0) -> m2 | E124: =SUM(D128:D129) -> 56.03
...
